 Dungeon Crawl Stone Soup version 0.20.0-8-g6b59dc7 (webtiles) character file.

10376 YTY the Cleaver (level 11, -1/151 HPs)
             Began as a Hill Orc Berserker on May 31, 2017.
             Was an Elder of Trog.
             Slain by a wyvern (16 damage)
             ... on level 10 of the Dungeon.
             The game lasted 00:25:21 (11749 turns).

YTY the Cleaver (Hill Orc Berserker)               Turns: 11749, Time: 00:25:22

Health: -1/151     AC:  6    Str: 34    XL:     11   Next: 61%
Magic:  11/11      EV: 15    Int:  3    God:    Trog [****..]
Gold:   464        SH:  0    Dex: 15    Spells: 10/10 levels left

rFire    + + .     SeeInvis .   O - -1 hand axe (curse)
rCold    . . .     Gourm    .   (no shield)
rNeg     . . .     Faith    .   F - +0 scale mail "Queriugi" {-Cast Dex+5} (curse)
rPois    .         Spirit   .   (no helmet)
rElec    .         Reflect  .   (no cloak)
rCorr    .         Harm     .   (no gloves)
MR       +....     NoCast   +   (no boots)
Stlth    ..........             A - amulet of inaccuracy (curse)
Regen    0.4/turn               H - -2 ring of protection (curse)
MPRegen  0.2/turn               J - ring of Tunyakhly {rF++ MR+ Str+5 Int-4}

@: berserking (expiring), very quick
A: no striking features
a: Berserk, Trog's Hand, Brothers in Arms, Burn Spellbooks, Renounce Religion


You were on level 10 of the Dungeon.
You worshipped Trog.
Trog was greatly pleased with you.
You were hungry.

You visited 1 branch of the dungeon, and saw 10 of its levels.

You collected 506 gold pieces.
You spent 42 gold pieces at shops.

Inventory:

Hand Weapons
 a - a +1 hand axe
 O - a cursed -1 hand axe (weapon)
Armour
 o - a +0 plate armour
 F - the cursed +0 scale mail "Queriugi" (worn) {-Cast Dex+5}
   (You found it on level 10 of the Dungeon)

   It affects your dexterity (+5).
   It prevents spellcasting.
   It has a curse placed upon it.
 Q - a +0 chain mail of magic resistance
Jewellery
 e - a +4 ring of evasion
 k - an uncursed amulet of magic regeneration
 y - a +5 ring of protection
 A - a cursed amulet of inaccuracy (around neck)
 B - an uncursed ring of fire {unknown}
 E - an uncursed ring of wizardry {unknown}
 H - a cursed -2 ring of protection (left hand)
 J - the ring of Tunyakhly (right hand) {rF++ MR+ Str+5 Int-4}
   (You found it on level 8 of the Dungeon)

   [ring of protection from magic]

   It affects your strength (+5).
   It affects your intelligence (-4).
   It greatly protects you from fire.
   It affects your resistance to hostile enchantments.
 M - an uncursed ring of resist corrosion
Wands
 f - a wand of iceblast (7/15)
 p - a wand of scattershot (4/9)
 D - a wand of random effects (16/48)
 N - a wand of lightning (5/15)
Scrolls
 g - a scroll of blinking
 i - a scroll of identify
 m - 4 scrolls of magic mapping
 n - 2 scrolls of teleportation
 q - 9 scrolls of enchant weapon
 t - 2 scrolls of amnesia
 v - 3 scrolls of recharging
 w - a scroll of noise
 z - 3 scrolls of fear
 I - a scroll of silence {unknown}
 K - a scroll of fog {unknown}
 P - a scroll of immolation {unknown}
Potions
 b - 2 potions of resistance
 c - a potion of might {unknown}
 d - 3 potions of cancellation
 h - a potion of mutation {unknown}
 j - 2 potions of magic
 l - 5 potions of curing
 r - 2 potions of flight
 x - a potion of brilliance {unknown}
 G - a potion of haste {unknown}
 L - 3 potions of agility {unknown}
 R - a potion of heal wounds
Comestibles
 s - 2 bread rations
 u - 2 meat rations
 C - a royal jelly
 S - a chunk of flesh


   Skills:
 + Level 10.4 Fighting
 * Level 14.6 Axes
 + Level 9.0 Armour
 + Level 6.9 Dodging


You had 10 spell levels left.
You didn't know any spells.

Dungeon Overview and Level Annotations

Branches:
Dungeon (10/15)            Temple (0/1) D:7            Lair (0/6) D:10
    Orc (0/2) D:9

Altars:
Dithmenos
Elyvilon
Fedhas
Gozag
Kikubaaqudgha
Makhleb
Ru
Sif Muna
Vehumet

Shops:
D:5 *   D:6 !   D:8 *((}

Annotations:
D:5 Feta's ghost, novice FoFi
D:6 Prince Ribbit
D:8 exclusion: ice statue


Message History

The wyvern misses you.
You closely miss the wyvern.
The wyvern is lightly wounded.
The wyvern closely misses you.
You slash the wyvern!
The wyvern is heavily wounded.
You closely miss the wyvern.
The wyvern is heavily wounded.
The wyvern bites you.
* * * LOW HITPOINT WARNING * * *
You closely miss the wyvern.
The wyvern is heavily wounded.
The wyvern bites you!
* * * LOW HITPOINT WARNING * * *
You hit the wyvern.
The wyvern is severely wounded.
Your scale mail "Queriugi" prevents you from hitting the wyvern.
The wyvern is severely wounded.
The wyvern bites you!
You die...

#### ##### ###..###
#.#># #
.###.#.#####.## ##..
(..[..#..###..# ##..?
...)......#...###..#
#####............l#.#
#.##.........@†..#
..# #.............#
###
##.#...###..#..?.#
####.## .### ####
############
#....#.....##.#
#....#......#.# .#
#....#......#.# .#
#....#......#.#


You could see a wyvern.

Vanquished Creatures
  4 two-headed ogres
  A komodo dragon (D:10)
  2 trolls (D:9)
  A hippogriff (D:10)
  3 wyverns
  5 yaks (D:10)
  A hungry ghost (D:10)
  An acid dragon (D:10)
  2 phantoms
  5 ice beasts
  5 orc warriors
  6 sky beasts
  A black bear (D:10)
  7 ogres
  A centaur (D:6)
  A crocodile (D:10)
  A big kobold (D:9)
  7 bullfrogs
  2 scorpions (D:9)
  9 killer bees
  An electric eel (D:9)
  7 howler monkeys
  3 crimson imps
  3 hounds
  2 jellies
  2 bullfrog skeletons
  3 orc priests
  5 orc wizards
  2 centaur skeletons (D:6)
  An iguana (D:5)
  6 worker ants
  A hound zombie (D:10)
  2 hound skeletons
  3 worker ant zombies
  A howler monkey skeleton (D:8)
  17 adders
  5 shadow imps
  2 oozes
  An adder zombie (D:9)
  3 worms
  3 dart slugs
  8 leopard geckos
  37 orcs
  7 giant cockroaches
  6 goblins
  4 hobgoblins
  8 jackals
  3 quokkas
  A ball python (D:3)
  9 bats
  7 frilled lizards
  9 kobolds
  10 rats
247 creatures vanquished.

Vanquished Creatures (collateral kills)
  The ghost of Feta the Cleaver, a novice FoFi of the Shining One (D:10)
  A kobold demonologist (D:10)
  2 yaks (D:10)
  A big kobold (D:9)
5 creatures vanquished.

Vanquished Creatures (others)
  6 fungi (D:4)
6 creatures vanquished.

Grand Total: 258 creatures vanquished

Notes
Turn   | Place    | Note
-------+----------+-------------------------------------------
     0 | D:1      | YTY the Hill Orc Berserker began the quest for the Orb.
     0 | D:1      | Reached XP level 1. HP: 19/19 MP: 1/1
   118 | D:1      | Reached XP level 2. HP: 24/27 MP: 2/2
   406 | D:1      | Reached XP level 3. HP: 24/33 MP: 3/3
   833 | D:1      | Reached ** piety under Trog
  1325 | D:2      | Reached XP level 4. HP: 37/41 MP: 4/4
  1547 | D:2      | Found a shadowy altar of Dithmenos.
  1994 | D:3      | Found an opulent altar of Gozag.
  2078 | D:3      | Reached XP level 5. HP: 37/47 MP: 5/5
  2133 | D:3      | Reached skill level 5 in Axes
  2135 | D:3      | Reached skill level 5 in Fighting
  2160 | D:3      | Found an ancient bone altar of Kikubaaqudgha.
  2596 | D:4      | Reached XP level 6. HP: 48/56 MP: 6/6
  2662 | D:4      | Noticed a phantom
  2737 | D:4      | Killed a phantom
  2737 | D:4      | Reached skill level 6 in Axes
  3075 | D:4      | Reached XP level 7. HP: 61/61 MP: 7/7
  3137 | D:4      | Reached *** piety under Trog
  3250 | D:4      | Found a blossoming altar of Fedhas.
  3577 | D:5      | Entered Level 5 of the Dungeon
  3633 | D:5      | Found Faxiheq's General Store.
  3642 | D:5      | Bought a potion of curing for 42 gold pieces
  3856 | D:5      | Reached skill level 7 in Axes
  3949 | D:5      | Noticed Feta's ghost (novice FoFi)
  4090 | D:4      | Paralysed by fainting for 6 turns
  4398 | D:5      | Reached XP level 8. HP: 69/70 MP: 8/8
  4558 | D:5      | Reached skill level 5 in Armour
  4686 | D:6      | Reached skill level 8 in Axes
  5025 | D:6      | Reached skill level 9 in Axes
  5155 | D:6      | Found Ruetziwn's Distillery.
  5173 | D:6      | Noticed Prince Ribbit
  5529 | D:6      | Reached XP level 9. HP: 79/79 MP: 9/9
  5541 | D:6      | Found a radiant altar of Vehumet.
  5603 | D:7      | Found a sacrificial altar of Ru.
  5748 | D:7      | Reached skill level 10 in Axes
  5808 | D:7      | Found a staircase to the Ecumenical Temple.
  6705 | D:7      | Found a white marble altar of Elyvilon.
  6726 | D:8      | Noticed an ice devil
  6736 | D:8      | Noticed an ice devil
  6738 | D:8      | Reached **** piety under Trog
  6857 | D:8      | Noticed an ice devil
  6857 | D:8      | Noticed an ice devil
  6858 | D:8      | Noticed an ice devil
  6860 | D:8      | Noticed an ice devil
  6860 | D:8      | Noticed an ice statue
  6865 | D:8      | Noticed an ice devil
  6904 | D:8      | Found Noyh's General Store.
  6918 | D:8      | Reached skill level 5 in Dodging
  6935 | D:8      | Reached skill level 11 in Axes
  7266 | D:8      | Got a pitted copper ring
  7276 | D:8      | Identified the ring of Tunyakhly {rF++ MR+ Str+5 Int-4} (You found it on level 8 of the Dungeon)
  7299 | D:8      | Found Goavoeh's Weapon Emporium.
  7305 | D:8      | Found Iferoul's Weapon Shoppe.
  7352 | D:8      | Found Mycoing's Gadget Shoppe.
  7546 | D:9      | Noticed a troll
  7570 | D:9      | Killed a troll
  7570 | D:9      | Reached XP level 10. HP: 53/90 MP: 10/10
  7875 | D:9      | Found a deep blue altar of Sif Muna.
  7908 | D:9      | Reached skill level 12 in Axes
  8307 | D:9      | Found a burning altar of Makhleb.
  8307 | D:9      | Noticed an Executioner
  9032 | D:9      | Noticed a two-headed ogre
  9041 | D:9      | Killed a two-headed ogre
  9428 | D:9      | Found a staircase to the Orcish Mines.
  9481 | D:10     | Entered Level 10 of the Dungeon
  9485 | D:10     | Noticed a two-headed ogre
  9499 | D:10     | Killed a two-headed ogre
  9499 | D:10     | Reached skill level 13 in Axes
 10154 | D:10     | Noticed a two-headed ogre
 10166 | D:10     | Killed a two-headed ogre
 10166 | D:10     | Reached XP level 11. HP: 99/99 MP: 11/11
 10312 | D:10     | Noticed a two-headed ogre
 10328 | D:10     | Killed a two-headed ogre
 10328 | D:10     | Reached skill level 10 in Fighting
 10552 | D:10     | Reached skill level 14 in Axes
 10555 | D:10     | Noticed Feta's ghost (novice FoFi)
 10602 | D:10     | Killed Feta's ghost
 11133 | D:10     | Got a translucent scale mail
 11229 | D:10     | Identified the cursed +0 scale mail "Queriugi" {-Cast Dex+5} (You found it on level 10 of the Dungeon)
 11710 | D:10     | Found a staircase to the Lair.
 11749 | D:10     | Slain by a wyvern

Skill      XL: |  1  2  3  4  5  6  7  8  9 10 11 |
---------------+----------------------------------+-----
Fighting       | 4 5 6 7 8 9 10 | 10.4
Dodging        | 2 3 4 5 6 |  6.9
Armour         | 3 4 5 7 8 9 |  9.0
Axes           | 5 6 7 9 11 13 14 | 14.6

Action                   |  1- 3 |  4- 6 |  7- 9 | 10-12 || total
-------------------------+-------+-------+-------+-------++-------
Melee: Hand axe          |   112 |   210 |   625 |   680 ||  1627
Invok: Berserk           |       |     1 |    12 |    10 ||    23
       Burn Spellbooks   |       |     1 |     2 |     1 ||     4
       Trog's Hand       |       |     1 |     2 |     5 ||     8
       Brothers in Arms  |       |       |       |     2 ||     2
  Use: Scroll            |       |     7 |     9 |     3 ||    19
       Potion            |       |       |       |     2 ||     2
  Eat: Bread ration      |     1 |       |     1 |     3 ||     5
       Chunk             |       |     2 |    13 |    11 ||    26
       Fruit             |       |     1 |     2 |       ||     3
       Royal jelly       |       |       |     1 |       ||     1
       Meat ration       |       |       |     2 |       ||     2
Armor: Animal skin       |    12 |       |       |       ||    12
       Plate armour      |    19 |   114 |   304 |    45 ||   482
       Chain mail        |       |       |       |   113 ||   113
       Scale mail        |       |       |       |    12 ||    12
Dodge: Dodged            |    65 |   105 |   340 |   319 ||   829
